Map: Rifts to Korhal

Players

Spider

  • Race: Terran Terran

NamroodTuo

  • Race: Terran Terran

VOD

Have the link to the VOD?

Description

Time

  • Played on: June 9, 2023, 4:48 a.m.
  • Length: 24:12
Show
View Real Time Build Order
Export as new Build Order

Spider Terran 

Build Orders:  

Get SALT Encoding   

  12  0:05  Starport Tech Lab  
  12  0:09  SCV  
  13  0:26  SCV  
  14  0:38  Supply Depot  
  15  0:43  SCV  
  15  0:45  Refinery  
  15  0:56  Refinery  
  16  1:13  SCV  
  17  1:34  SCV  
  17  1:35  Assault Galleon  
  17  1:40  Engineering Bay  
  18  1:51  SCV  
  18  2:08  SCV  
  19  2:25  SCV  
  20  2:31  Supply Depot  
  21  2:42  SCV  
  21  2:47  Armory  
  21  2:59  SCV  
  22  3:16  SCV  
  24  3:33  SCV, Assault Galleon  
  25  3:50  SCV  
  25  4:04  Unregistered Cloak System  
  25  4:07  SCV  
  27  4:23  SCV  
  27  4:36  Assault Galleon  
  28  4:40  SCV  
  28  4:44  Assault Galleon  
  28  4:45  Horner Weapons Level 1  
  28  4:56  Assault Galleon  
  28  4:57  SCV  
  29  5:07  Trigger Override  
  30  5:14  SCV  
  30  6:02  Command Center  
  31  6:30  Refinery  
  31  6:33  Refinery  
  31  6:34  SCV  
  31  6:47  Fusion Core  
  32  6:51  SCV  
  32  7:08  SCV  
  33  7:25  SCV, Horner Armor Level 1  
  33  7:29  Jetpack Overdrive  
  35  7:42  SCV  
  35  7:54  Overcharged Reactor  
  35  7:59  SCV  
  36  8:18  SCV  
  37  8:35  SCV  
  38  8:46  SCV  
  40  8:52  SCV  
  40  8:53  Black Market Launchers  
  47  9:03  SCV  
  47  9:08  SCV  
  47  9:09  Drone Hangar  
  48  9:17  Drone Hangar  
  49  9:20  SCV  
  49  9:25  SCV  
  50  9:35  Executioner Missiles  
  50  9:36  SCV  
  52  9:41  W.I.L.D. Missiles  
  52  9:42  SCV  
  53  9:53  SCV  
  53  9:59  SCV  
  54  10:14  Horner Weapons Level 2  
  54  10:17  Aerosol Stim Emitters  
  57  10:26  Hellion x2  
  61  10:36  Drone Hangar  
  61  10:43  Supply Depot  
  61  10:59  Tar Bombs  
  61  11:14  Hellion x4  
  61  11:17  Supply Depot  
  61  11:18  Hellion  
  71  11:23  Hellion x3  
  77  11:46  W.I.L.D. Missiles  
  77  11:48  Hellion x3  
  89  11:50  Supply Depot  
  87  12:02  Wildfire Explosives  
  87  12:05  Drone Hangar x2  
  87  12:11  Theia Raven  
  89  12:22  Supply Depot  
  89  12:44  Immolation Fluid  
  89  12:49  Tactical Jump  
  89  12:53  Supply Depot  
  85  13:24  Horner Armor Level 2  
  85  13:25  Supply Depot  
  83  14:00  Supply Depot  
  83  14:04  Multi-Threaded Sensors  
  83  14:14  Asteria Wraith  
  83  14:17  Hellion x5  
  101  14:26  Hellion  
  101  14:27  Hellion x4  
  111  14:35  Supply Depot  
  111  14:36  Hellion  
  111  14:37  Hellion x4  
  121  14:46  Hellion  
  115  14:51  Asteria Wraith  
  121  15:06  Supply Depot  
  121  15:36  Asteria Wraith  
  103  16:04  Hellion  
  103  16:05  Hellion x4  
  109  16:14  Hellion  
  109  16:15  Hellion x4  
  117  16:43  Horner Weapons Level 3  
  91  17:59  Sovereign Battlecruiser  
  101  18:02  Hellion x3  
  101  18:03  Hellion x2  
  111  18:12  Hellion x3  
  111  18:13  Hellion x2  
  121  18:22  Hellion x3  
  121  18:23  Hellion x2  
  121  18:32  Hellion  
  119  19:28  Sovereign Battlecruiser  
  129  19:31  Hellion x2  
  129  19:32  Hellion x3  
  139  19:41  Hellion x2  
  139  19:42  Hellion x3  
  149  20:23  Horner Armor Level 3  
  149  20:33  Asteria Wraith  
  119  22:22  Sovereign Battlecruiser  
  129  22:30  Hellion  
  129  22:31  Hellion x4  
  139  22:40  Hellion x2  
  139  22:41  Hellion x3  
  149  22:50  Hellion x2  
  149  22:51  Hellion x3  
  159  23:00  Hellion x2  
  159  23:01  Hellion x3  
  169  23:10  Hellion x2  
  169  23:11  Hellion x3  
  173  23:48  Sovereign Battlecruiser  
  181  24:01  Hellion x2  
  181  24:02  Hellion x3  
Show
View Real Time Build Order
Export as new Build Order

NamroodTuo Terran 

Build Orders:  

Get SALT Encoding   

  12  0:17  SCV  
  13  0:28  Refinery  
  13  0:34  SCV  
  13  0:35  Refinery  
  14  0:51  SCV  
  15  1:02  Engineering Bay  
  15  1:08  SCV  
  16  1:25  SCV  
  17  1:30  Engineering Bay  
  17  1:42  SCV  
  18  1:54  Outlaw Weapons Level 1  
  18  2:11  Outlaw Life and Armor Level 1  
  18  2:29  SCV  
  19  3:01  Tychus  
  18  3:16  SCV  
  19  3:23  Gunslingers Hideout  
  19  3:33  SCV  
  24  3:50  SCV  
  20  3:54  ITC-E Triggers  
  21  4:20  James Sirius Sykes  
  31  4:49  SCV  
  32  5:07  Command Center  
  32  5:12  SCV  
  33  5:27  Muscle Armory  
  33  5:34  SCV  
  34  5:49  Outlaw Weapons Level 2  
  34  6:08  SCV  
  35  6:25  SCV  
  36  6:42  SCV  
  36  6:48  SCV  
  38  6:58  Auto-Turret, SCV  
  39  7:05  SCV  
  39  7:08  Outlaw Life and Armor Level 2  
  40  7:15  SCV  
  41  7:22  SCV  
  42  7:39  SCV  
  43  7:56  SCV  
  44  8:13  SCV  
  44  8:14  SCV  
  46  8:24  Refinery  
  46  8:30  SCV  
  46  8:31  SCV  
  48  8:47  SCV  
  48  8:48  SCV  
  50  9:03  Kev Rattlesnake West  
  50  9:04  SCV  
  50  9:05  SCV  
  57  9:20  Outlaw Weapons Level 3  
  62  9:22  SCV  
  62  9:29  Outlaw Life and Armor Level 3  
  63  9:34  SCV  
  64  9:51  SCV  
  65  10:08  SCV  
  66  10:25  SCV  
  67  10:36  Medivac Platform  
  67  10:41  SCV  
  67  10:42  SCV  
  67  10:44  Fixers Safehouse  
  69  10:58  SCV  
  70  11:15  SCV  
  71  11:22  Auto-Turret  
  71  11:25  Rob Cannonball Boswell  
  81  11:37  Medivac Platform  
  81  11:59  Flashforce GDM Visor  
  81  12:27  Outlaw Life and Armor Level 4  
  81  13:29  Outlaw Weapons Level 4  
  81  13:59  Vega  
  91  15:27  Endurance Supplements  
  91  19:26  Outlaw Weapons Level 5  
  91  19:28  Outlaw Life and Armor Level 5  
  91  19:31  SA-55 Thunderbolt Missiles  
  91  19:32  D99 Detonator, Moebius M34 Terror Rounds  
  91  19:40  X-71 Impact Boots, Umojan Signal Modulator  
  91  19:41  Critical Response System  
  91  19:42  Moebius Aggression Blend, Redline Power Cells  
  91  19:56  Kel-Morian Ripper Rounds  
  91  22:20  Vanadium Shell, KD9a Implosion Core  
  91  22:22  Secret Stash Stimpack  
  91  22:24  Neural Disruption Device, Moebius Psionic Motivator, Psi Projector  
  91  23:01  Medivac Platform  
Tags
 
Commander
HornerTychus
Matchup
Co-op
Replay Pack
Multiplayer
Add a new tag
Caveats
  • Supply blocks, unpowered buildings, or Contaminate may cause inaccurate times.
  • Supply counts are checked every 10 seconds.